 Dungeon Crawl Stone Soup version 0.31.0-32-g396128a36d (webtiles) character file.

Game seed: 2101125120219717796

6798 GiantSquids the Severer (level 11, -6/97 HPs)
             Began as a Hill Orc Berserker on Apr 20, 2024.
             Was an Elder of Trog.
             Killed from afar by a lightning spire (27 damage)
             ... with a bolt of electricity
             ... in a Gauntlet.
             The game lasted 00:27:23 (11093 turns).

GiantSquids the Severer (Hill Orc Berserker)       Turns: 11093, Time: 00:27:25

Health: -6/97      AC: 16    Str: 23 (25) XL:     11   Next: 5%
Magic:  11/11      EV:  7    Int:  6 (7)  God:    Trog [****..]
Gold:   700        SH:  0    Dex:  8 (10) Spells: 10/10 levels left

rFire   . . .        u - +0 war axe
rCold   . . .        (no shield)
rNeg    + . .        A - +0 plate armour
rPois   .            (no helmet)
rElec   .            c - +0 cloak
rCorr   .            (no gloves)
SInv    .            t - +0 pair of boots
Will    .....        (no amulet) Stlth
                     s - ring of positive energy
HPRegen 0.36/turn    (no ring)
MPRegen 0.12/turn

%: no teleportation
@: no status effects
A: no striking features
a: Renounce Religion, Berserk, Trog's Hand, Brothers in Arms


You were in a Gauntlet.
You worshipped Trog.
Trog was greatly pleased with you.
You visited 1 branch of the dungeon, and saw 10 of its levels.
You also visited: Gauntlet.

You collected 700 gold pieces.

Inventory:

Hand Weapons
 u - a +0 war axe (weapon)
Missiles
 a - 5 boomerangs
 k - a throwing net
 z - 3 javelins (quivered)
Armour
 c - a +0 cloak (worn)
 t - a +0 pair of boots (worn)
 A - a +0 plate armour (worn)
Jewellery
 r - the ring "Extyin" {rElec MP+9 SInv}
   (You found it in a Gauntlet)

   [ring of magical power]

   rElec:     It insulates you from electricity.
   MP+9:      It affects your magic capacity (+9).
   SInv:      It lets you see invisible.
 s - a ring of positive energy (left hand)
Wands
 o - a wand of mindburst (8)
 y - a wand of iceblast (9)
Scrolls
 h - a scroll of brand weapon
 i - 4 scrolls of teleportation
 j - a scroll of enchant armour
 n - a scroll of acquirement {unknown}
 p - 3 scrolls of fog
 q - a scroll of blinking {unknown}
 v - a scroll of enchant weapon {unknown}
 w - a scroll of poison {unknown}
 B - a scroll of torment {unknown}
Potions
 b - a potion of brilliance {unknown}
 d - a potion of magic
 e - a potion of haste {unknown}
 f - a potion of heal wounds {unknown}
 g - 2 potions of curing {unknown}
 l - a potion of lignification {unknown}
 m - a potion of attraction {unknown}
 x - a potion of berserk rage {unknown}
 C - a potion of might {unknown}


   Skills:
 - Level 9.0 Fighting
 * Level 16.7 Axes
 - Level 9.0 Armour
 - Level 1.5 Dodging


You had 10 spell levels left.
You didn't know any spells.
Your spell library was empty.

Dungeon Overview and Level Annotations

Branches:
Dungeon (11/15)            Temple (0/1) D:6         Gauntlet (1/1)
   Lair: D:8-11         Orc: D:9-12

Altars:
Cheibriados
Dithmenos
Makhleb
Nemelex Xobeh
Okawaru
Qazlal
Sif Muna
Uskayaw
Yredelemnul

Shops:
D:9 :

Annotations:
Gauntlet 11 transporters, exclusions: 2 lightning spires and oklob plant


Message History

The lightning spire shoots out a bolt of lightning at you!
The bolt of electricity hits you!!
Throw: 4 javelins
Press: ? - help, Q - select action, (/) - cycle Shift-Dir - straight line, f/p - lightning spire
Aim: a lightning spire (lightly damaged, 85% to hit)
You throw a javelin.
The javelin pierces through the lightning spire!
The lightning spire is lightly damaged.
The lightning spire shoots out a bolt of lightning at you!
The bolt of electricity hits you!!
The lightning spire shoots out a bolt of lightning at you!
The bolt of electricity hits you!!
* * * LOW HITPOINT WARNING * * *
You see here 2 potions of degeneration.
You start resting.
HP restored.
Aiming: Iceblast
Press: ? - help, Shift-Dir - straight line The mass of ice explodes!
Okay, then.
Okay, then.
The lightning spire shoots out a bolt of lightning at you!
The bolt of electricity hits you!
The moth of wrath's fur bristles in rage as it notices you.
The lightning spire shoots out a bolt of lightning at you!
The bolt of electricity hits you!!
You see here the ring "Extyin" {rElec MP+9 SInv}.
The lightning spire shoots out a bolt of lightning at you!
The bolt of electricity hits you!!
The lightning spire shoots out a bolt of lightning at you!
The bolt of electricity misses you.
You see here the ring "Extyin" {rElec MP+9 SInv}.
r - the ring "Extyin" {rElec MP+9 SInv} The moth of wrath angrily waves its antennae.
The lightning spire shoots out a bolt of lightning at you!
The bolt of electricity hits you!
* * * LOW HITPOINT WARNING * * *
The lightning spire shoots out a bolt of lightning at you!
The bolt of electricity hits you!!
You die...

#≈..#XxxX.###..#.........#..#....
##..#########..#.........#..#####
##..........#..###########..#....
.#..#########..##.......##..#####
.#..#.......#..#.#.....#.#..###..
.#8.##..##..#..#?.#...#..#..#..##
.#..###..##y#..#(..#.#...#..#[.#.
.#∩.#©##©.###©©#©8..#©...#©©#©#.©
.#..#$)##..##..#@..#.#...#..#.#.#
.#8.#y..##.s#..#$.#..!#..#..#!##.
.#..#sss....#..#8#.....#.#..##..#
.#..#########..##.......##..#####
##..........#..###########..#....
##..#########..#.........#..#####
#≈..#}...bbb#..#.........#..#....
##..#t##.##.#..#..##§##..#..#?###
#≈..##..#..##..#..≈###≈..#..#$..#


You could see 2 lightning spires, a moth of wrath, a redback and 3 fire bats.

Vanquished Creatures
  A smoke demon (Gauntlet)
  5 trolls
  A hornet (D:9)
  2 raiju (Gauntlet)
  2 wyverns
  A human (D:5)
  A yak (D:8)
  4 steam dragons
  3 water moccasins
  A black bear (D:6)
  4 sky beasts
  An orc warrior (D:8)
  2 ice beasts
  An ogre (D:4)
  2 centaurs
  A wolf (D:9)
  2 phantoms
  4 bullfrogs
  3 scorpions
  4 wights (D:7)
  12 killer bees (D:7)
  A howler monkey (D:9)
  2 crimson imps (Gauntlet)
  4 bombardier beetles
  3 jellies (D:5)
  2 orc priests
  3 hounds (D:5)
  2 gnoll boudas
  3 sleepcaps
  A human skeleton (D:5)
  An iguana (D:7)
  8 orc wizards
  11 adders
  12 gnolls
  2 white imps
  4 ufetubi
  4 ribbon worms
  29 orcs
  7 endoplasms
  3 giant cockroaches
  5 goblins
  14 hobgoblins
  3 jackals (D:1)
  7 quokkas
  6 ball pythons
  5 bats
  2 frilled lizards (D:1)
  A jackal zombie (D:5)
  8 kobolds
  7 rats
217 creatures vanquished.

Notes
Turn   | Place    | Note
-------+----------+-------------------------------------------
     0 | D:1      | GiantSquids the Hill Orc Berserker began the quest for the
                  | Orb.
     0 | D:1      | Reached XP level 1. HP: 19/19 MP: 1/1
   157 | D:1      | Found a faded altar of an unknown god.
   256 | D:1      | Reached XP level 2. HP: 27/27 MP: 2/2
   652 | D:1      | Reached XP level 3. HP: 28/33 MP: 3/3
  1039 | D:2      | Reached skill level 5 in Axes
  1041 | D:2      | Reached ** piety under Trog
  1219 | D:2      | Reached XP level 4. HP: 25/40 MP: 4/4
  1661 | D:3      | Reached XP level 5. HP: 47/47 MP: 5/5
  1668 | D:3      | Reached skill level 6 in Axes
  2201 | D:3      | Reached *** piety under Trog
  2219 | D:3      | Reached skill level 5 in Fighting
  2219 | D:3      | Reached XP level 6. HP: 56/56 MP: 6/6
  2261 | D:3      | Found a sparkling altar of Nemelex Xobeh.
  2598 | D:4      | Reached skill level 7 in Axes
  2727 | D:4      | Found a snail-covered altar of Cheibriados.
  2888 | D:4      | Reached XP level 7. HP: 61/61 MP: 7/7
  2950 | D:4      | Found a shimmering blue altar of Sif Muna.
  3174 | D:4      | Reached skill level 8 in Axes
  3452 | D:5      | Entered Level 5 of the Dungeon
  3779 | D:5      | Reached skill level 5 in Armour
  3903 | D:5      | Reached skill level 9 in Axes
  4085 | D:5      | Reached XP level 8. HP: 70/71 MP: 8/8
  4203 | D:5      | Found a runed translucent door.
  4206 | D:5      | Found a basalt altar of Yredelemnul.
  4891 | D:5      | Reached skill level 10 in Axes
  5427 | D:6      | Reached skill level 11 in Axes
  5427 | D:6      | Reached XP level 9. HP: 65/79 MP: 9/9
  5712 | D:6      | Reached **** piety under Trog
  6366 | D:6      | Found a staircase to the Ecumenical Temple.
  6743 | D:7      | Reached skill level 12 in Axes
  7190 | D:7      | Reached skill level 13 in Axes
  7317 | D:7      | Reached XP level 10. HP: 71/91 MP: 10/10
  7412 | D:7      | Found a hide-covered altar of Uskayaw.
  7486 | D:7      | Found a burning altar of Makhleb.
  7874 | D:7      | Found an iron altar of Okawaru.
  8378 | D:8      | Reached skill level 14 in Axes
  8436 | D:8      | Found a stormy altar of Qazlal.
  9559 | D:9      | Found Yqutur's Book Boutique.
  9585 | D:9      | Found a shadowy altar of Dithmenos.
  9631 | D:9      | Reached skill level 15 in Axes
  9845 | D:9      | You fall into a shaft and drop 2 floors!
 10035 | D:11     | Reached skill level 16 in Axes
 10080 | D:11     | Found a gate leading to a gauntlet.
 10089 | Gauntlet | Entered a Gauntlet
 10089 | Gauntlet | Noticed an oklob plant
 10089 | Gauntlet | Found a transporter.
 10089 | Gauntlet | Found a transporter.
 10120 | Gauntlet | Found a transporter.
 10137 | Gauntlet | Noticed a lightning spire
 10138 | Gauntlet | Found a transporter.
 10138 | Gauntlet | Found a transporter.
 10138 | Gauntlet | Noticed a lightning spire
 10139 | Gauntlet | Found a transporter.
 10141 | Gauntlet | Found a transporter.
 10141 | Gauntlet | Found a transporter.
 10153 | Gauntlet | Found a transporter.
 10162 | Gauntlet | Noticed a fire crab
 10166 | Gauntlet | Noticed a moth of wrath
 10169 | Gauntlet | Found a transporter.
 10178 | Gauntlet | Noticed a thrashing horror
 10179 | Gauntlet | Found a transporter.
 10179 | Gauntlet | Noticed a thrashing horror
 10193 | Gauntlet | Found a transporter.
 10300 | Gauntlet | Noticed a smoke demon
 10301 | Gauntlet | Found a runed translucent gate.
 10302 | Gauntlet | Found a transporter.
 10302 | Gauntlet | Found a runed translucent gate.
 10303 | Gauntlet | Found a runed translucent gate.
 10304 | Gauntlet | Found a transporter.
 10337 | Gauntlet | Killed a smoke demon
 10374 | Gauntlet | Reached XP level 11. HP: 44/97 MP: 11/11
 11090 | Gauntlet | Identified the ring "Extyin" {rElec MP+9 SInv}
 11093 | Gauntlet | Killed from afar by a lightning spire

Illustrated notes

Levels and vault maps discovered:
D:1:      amcnicky_arrival_feature_with_door, layout_basic,
          dreamdust_ecumenical_altar_angels_and_demons
D:2:      layout_rooms, chequers_serial_rivers_micro_e,
          chequers_serial_rivers_micro_e
D:3:      minmay_spotlight, layout_rooms, marbit_many_paths
D:4:      layout_loops_ring, kennysheep_little_box, slow_altar_1,
          minmay_crystal_water
D:5:      layout_loops_ring, dk_yredelemnul_ordeal, minmay_misc_feat_pillars,
          nzn_random_ring
D:6:      layout_basic, temple_hall, billiards_dpeg
D:7:      layout_basic, lemuel_doored_altar, nicolae_uskayaw_dance_hall,
          okawaru_trees_1
D:8:      layout_layer_cave, nicolae_qazlal_style_of_elements,
          hangedman_misty_isle
D:9:      layout_loops_ring, tso_metal_star, nicolae_dithmenos_the_darkroom,
          serial_shops, shop_statue, serial_ice, serial_ice_i, serial_ice_d,
          serial_ice_m, serial_ice_h
D:11:     layout_irregular_city, dpeg_oklobed_lair, gauntlet_entry_generic,
          minmay_the_grid_square_5x5_3x3_mashed
          [minmay_the_grid_square_5x5_n_small, minmay_the_grid_square_5x5_tie,
          minmay_the_grid_square_5x5_three,
          minmay_the_grid_square_5x5_two_walls_a,
          minmay_the_grid_square_5x5_megaprize_hollow,
          minmay_the_grid_square_5x5_dogpile, minmay_the_grid_square_5x5_slash,
          minmay_the_grid_square_5x5_bracketed,
          minmay_the_grid_square_5x5_corner]
Gauntlet: gammafunk_gauntlet_mixed_choke_point [minmay_gauntlet_arena_77_mirror,
          minmay_gauntlet_arena_77_mess, minmay_gauntlet_arena_77_run_for_it,
          nicolae_gauntlet_arena_x, minmay_gauntlet_arena_77_braids,
          minmay_gauntlet_arena_77_two_lines, minmay_gauntlet_arena_77_p_blocks,
          gauntlet_exit_green]

Skill      XL: |  1  2  3  4  5  6  7  8  9 10 |
---------------+-------------------------------+-----
Fighting       | 4 5 6 7 9 |  9.0
Axes           | 5 6 7 9 11 13 16 | 16.7
Armour         | 3 4 5 6 7 9 |  9.0
Dodging        | |  1.5

Action                     |  1- 3 |  4- 6 |  7- 9 | 10-12 || total
---------------------------+-------+-------+-------+-------++-------
  Melee: Hand axe          |   127 |   177 |   276 |       ||   580
         Punch             |       |     3 |     2 |     3 ||     8
         War axe           |       |       |   150 |   166 ||   316
  Throw: Javelin           |       |       |       |     2 ||     2
 Invoke: Berserk           |       |     3 |     6 |     1 ||    10
  Evoke: Wand              |       |       |       |     1 ||     1
    Use: Scroll            |       |       |     7 |       ||     7
         Potion            |       |       |       |     2 ||     2
   Stab: Sleeping          |     1 |       |       |       ||     1
 Armour: Animal skin       |    19 |       |       |       ||    19
         Ring mail         |    55 |   124 |   288 |    51 ||   518
         Plate armour      |       |       |       |   120 ||   120
  Dodge: Dodged            |    72 |    93 |   221 |    80 ||   466
